AoeStats
← Ux'RaúlME

Runestones

507632016Analyzed
1v1 RM · 14d ago on Sep 19, 2026· 51m 59s· 2 players
Game mode
Random Map
Map size
Tiny (2 player)
Population
200
Speed
Normal
Resources
Standard
Victory
Conquest
Starting age
Dark Age
Ending age
Imperial Age
RankedLock teamsTeams togetherTeam positionsShared explorationLock speedFull tech treeHidden civsTurbo modeCheats
Victory
Defeat
🇲🇽 Romans · Mexico
1351
+14
🇦🇷 Spanish · Argentina
1304
-14
Ux'RaúlME
6:33 Loom
8:51 Feudal Age
10:31 Double-Bit Axe
11:06 Town Watch
16:23 Horse Collar
20:50 Castle Age
18:43 Gold Mining
18:54 Fletching
19:53 Bloodlines
20:04 Scale Barding Armor
20:31 Forging
22:16 Husbandry
23:48 Padded Archer Armor
32:40 Imperial Age
34:32 Bodkin Arrow
45:12 Light Cavalry
49:21 Chain Barding Armor
49:36 Iron Casting
49:43 Iron Casting
53:13 Plate Barding Armor
massi2255
13:03 Feudal Age
14:03 Double-Bit Axe
14:30 Horse Collar
14:47 Loom
21:29 Castle Age
20:00 Gold Mining
22:31 Husbandry
24:05 Scale Barding Armor
30:31 Padded Archer Armor
31:06 Sanctity
31:41 Wheelbarrow
31:00 Town Watch
31:49 Leather Archer Armor
32:00 Bloodlines
36:11 Imperial Age
38:04 Chemistry
40:04 Light Cavalry
42:57 Chain Barding Armor
Connection lost

Rejoining the realm…

Still unreachable

The connection could not be restored.

Session expired

The server has moved on; the page needs a fresh start.